 Dungeon Sprint DCSS version 0.18-a0-246-gbfa2ae1 (webtiles) character file.

47960 Kidiri the Unseen (level 13, -15/69 HPs)
             Began as a Spriggan Enchanter on Nov 25, 2015.
             Was the Champion of Dithmenos.
             Killed from afar by a deep elf high priest (18 damage)
             ... with a burst of hellfire
             ... in the Dungeon (Sprint III: "The Ten Rune Challenge").
             The game lasted 00:27:32 (4710 turns).

Kidiri the Unseen (Spriggan Enchanter)              Turns: 4710, Time: 00:27:33

Health: -15/69     AC:  4    Str:  4    XL:     13   Next: 45%
Magic:  25/34      EV: 35    Int: 19    God:    Dithmenos [******]
Gold:   1817       SH:  0    Dex: 19    Spells: 13 memorised, 1 level left

rFire  . . .     SeeInvis +     k - +0 short sword
rCold  . . .     Clarity  .     l - +2 robe {rN+}
rNeg   + . .     SustAt   .     (shield restricted)
rPois  .         Gourm    .     v - +0 hat
rElec  .         Spirit   .     (no cloak)
rCorr  .         Warding  .     (gloves unavailable)
rMut   .         NoTele   +     (boots unavailable)
MR     ++...                    (no amulet)
Stlth  ++++++++++               (no ring)
                                (no ring)

@: lethally poisoned (-15 -> -37), wreathed by umbra, very quick, very resistant
to hostile enchantments, uncannily stealthy
A: unfitting armour, camouflage 1, see invisible, herbivore 3, speed 3, slow
metabolism 2
a: Shadow Step, Shadow Form, Renounce Religion
}: 1/10 runes: serpentine


You were in the Dungeon.
You worshipped Dithmenos.
Dithmenos was exalted by your worship.
You were not hungry.

You visited 1 branch You collected 2777 gold pieces.
You spent 960 gold pieces at shops.

Inventory:

Hand Weapons
 k - a +0 short sword (weapon)
Armour
 l - a +2 robe of positive energy (worn)
 v - a +0 hat (worn)
Wands
 c - a wand of polymorph (8)
Scrolls
 j - a scroll of blinking
 n - a scroll of immolation {unknown}
 o - 2 scrolls of identify {unknown}
 p - 2 scrolls of remove curse
 t - a scroll of torment {unknown}
 u - a scroll of amnesia {unknown}
Potions
 a - a potion of might
 b - a potion of agility {unknown}
 d - a potion of cure mutation
 e - 5 potions of curing
 f - 2 potions of heal wounds
 g - a potion of haste
 h - 2 potions of magic
 i - 2 potions of berserk rage
 r - a potion of brilliance
 s - 4 potions of flight
 w - a potion of resistance {unknown}
Comestibles
 m - 6 fruits
 q - 31 royal jellies


   Skills:
 + Level 8.6 Fighting
 * Level 15.6 Short Blades
 + Level 8.1 Armour
 * Level 19.3 Dodging
 * Level 20.9 Stealth
 * Level 16.7 Spellcasting
 + Level 7.8 Conjurations
 + Level 12.7 Hexes
 + Level 2.0 Transmutations
 + Level 8.5 Ice Magic
 + Level 1.2 Air Magic
 + Level 1.0 Earth Magic
 + Level 1.3 Poison Magic
 - Level 3.9 Invocations


You had one spell level left.
You knew the following spells:

 Your Spells              Type           Power        Failure   Level  Hunger
a - Corona                Hex            ######.      1%          1    None
b - Ensorcelled Hibernat  Hex/Ice        ######       1%          2    None
c - Confuse               Hex            ######..     1%          3    None
d - Tukima's Dance        Hex            ######..     1%          3    None
e - Dazzling Spray        Conj/Hex       ######..     1%          3    None
f - Stoneskin             Trmt/Erth      ###.....     3%          2    None
g - Stone Arrow           Conj/Erth      ####..       1%          3    None
h - Passwall              Trmt/Erth      ###.......   8%          3    None
i - Petrify               Trmt/Erth      ###.....     21%         4    None
j - Lee's Rapid Deconstr  Erth           ###.......   75%         5    ###....
k - Mephitic Cloud        Conj/Pois/Air  ####....     2%          3    None
l - Freezing Cloud        Conj/Ice/Air   #####.....   54%         6    #####..
m - Poisonous Cloud       Conj/Pois/Air  ####......   97%         6    #####..


Dungeon Overview and Level Annotations

Branches:
Dungeon (1/1)

Altars:
Cheibriados
Dithmenos
Elyvilon
Fedhas
Gozag
Kikubaaqudgha
Makhleb
Nemelex Xobeh
Okawaru
Qazlal
Ru
Sif Muna
Trog
Vehumet
Xom
Yredelemnul
Zin
The Shining One
Jiyva
Lugonu

Shops:
D =!(?[=:


Innate Abilities, Weirdness & Mutations

You are tiny and cannot use many weapons and most armour.
You have supernaturally acute eyesight.
You are a herbivore.
You cover ground extremely quickly.
You need consume almost no food.
Your skin changes colour to match your surroundings (Stealth).


Message History

Aim: a deep elf high priest, wielding an antimagic falchion, wearing an embroidered robe and wearing a scintillating brass ring (hasn't noticed you, umbra)
The spray of energy hits the deep elf high priest.
The deep elf high priest is lightly wounded.
The deep elf high priest shouts!
The spray of energy hits the deep elf annihilator.
The deep elf annihilator is moderately wounded.
Your shadow mimicks your spell!
The shadow shard hits the deep elf high priest.
The deep elf high priest invokes the aid of its god against you.
The hellfire explodes!
The burst of hellfire engulfs you!
You emit a cloud of dark smoke.
The deep elf annihilator points at you and mumbles some strange words.
The poison arrow hits you!
You are poisoned.
Ouch! That really hurt!
* * * LOW HITPOINT WARNING * * *
You emit a cloud of dark smoke.
The deep elf high priest calls down the wrath of its god upon you.
The hellfire explodes!
The burst of hellfire engulfs you!
You die...

▓▓▓ ▓▓▓ #.###.############ ###
#.#.#......'.#...# ee.'
#..........#.#...##≈≈≈≈#
#........###.#.§§§≈≈[.e.
#.)))....∩.#.#.§@##≈≈≈≈#
#())#..#.#.#.'.§§# ...'
#)(#).##:######### ###
#'###########################
#§.§≈≈+.#.+(..+.#.#.#.+...≈≈#
#.#§§§#.#.#.).##.#.#.##...≈≈###
'.#§§§#.#.#...#.#.#.#.#...≈≈≈≈#
#.#§§§#...#...##.#.#.##...≈≈≈≈#
▓▓▓▓▓▓▓▓▓▓▓▓▓▓#.#.#.#.#.......#


You could see a deep elf annihilator and 2 deep elf high priests.

Vanquished Creatures
  Rupert (D)
  Gastronok (D)
  A greater naga (D)
  Maud (D)
  A deep elf demonologist (D)
  2 dire elephants (D)
  Josephine (D)
  4 fire dragons (D)
  2 hydras (D)
  A naga warrior (D)
  A centaur warrior (D)
  4 death yaks (D)
  An orc high priest (D)
  A spriggan druid (D)
  A death drake (D)
  2 unseen horrors (D)
  2 deep elf summoners (D)
  A lindwurm (D)
  A deep elf conjurer (D)
  2 orc sorcerers (D)
  A guardian serpent (D)
  2 elephants (D)
  9 black mambas (D)
  2 spiny frogs (D)
  A komodo dragon (D)
  A fire drake (D)
  3 deep elf priests (D)
  A queen bee (D)
  3 wandering mushrooms (D)
  2 giant leeches (D)
  8 blink frogs (D)
  3 redbacks (D)
  2 spriggans (D)
  A shadow (D)
  A spatial vortex (D)
  6 water moccasins (D)
  2 nagas (D)
  A swamp drake (D)
  4 orc warriors (D)
  A necrophage (D)
  2 centaurs (D)
  An earth elemental (D)
  A water elemental (D)
  32 killer bees (D)
  A scorpion (D)
  An electric eel (D)
  3 orc priests (D)
  An orc wizard (D)
  A jelly (D)
  A wizard (D)
  Jessica (D)
  A necromancer (D)
  3 humans (D)
  A kobold demonologist (D)
  6 adders (D)
  6 orcs (D)
  A giant newt (D)
  3 rats (D)
151 creatures vanquished.

Vanquished Creatures (others)
  2 draconian scorchers (D)
  2 fire drakes (D)
  3 yaktaurs (D)
  6 plants (D)
13 creatures vanquished.

Grand Total: 164 creatures vanquished

Notes
Turn   | Place    | Note
--------------------------------------------------------------
     0 | D        | Kidiri the Spriggan Enchanter began the quest for the Orb.
     0 | D        | Reached XP level 1. HP: 9/9 MP: 5/5
    25 | D        | Noticed Jessica
    40 | D        | Killed Jessica
    40 | D        | Reached skill level 1 in Fighting
    40 | D        | Reached skill level 6 in Stealth
    40 | D        | Reached XP level 2. HP: 4/14 MP: 4/7
    42 | D        | Killed a yaktaur
    54 | D        | Learned a level 2 spell: Ensorcelled Hibernation
   151 | D        | Killed a fire drake
   178 | D        | Killed a white draconian scorcher
   238 | D        | Killed a white draconian scorcher
   267 | D        | Killed a fire drake
   302 | D        | Reached skill level 1 in Armour
   302 | D        | Reached XP level 3. HP: 18/18 MP: 5/9
   400 | D        | Noticed a scorpion
   407 | D        | Killed a scorpion
   407 | D        | Reached skill level 5 in Dodging
   407 | D        | Reached skill level 7 in Stealth
   407 | D        | Reached skill level 1 in Ice Magic
   407 | D        | Reached XP level 4. HP: 22/22 MP: 9/11
   412 | D        | Learned a level 3 spell: Confuse
   416 | D        | Learned a level 3 spell: Dazzling Spray
   420 | D        | Learned a level 3 spell: Tukima's Dance
   445 | D        | Gained mutation: Your mind is acute. (Int +2) [potion of mutation]
   445 | D        | Gained mutation: You occasionally shout uncontrollably at your foes. [potion of mutation]
   445 | D        | Gained mutation: Your skin changes colour to match your surroundings (Stealth). [potion of mutation]
   446 | D        | Lost mutation: Your mind is acute. (Int +2) [potion of mutation]
   446 | D        | Gained mutation: You have large cloven feet. [potion of mutation]
   446 | D        | Gained mutation: You sometimes yell uncontrollably at your foes. [potion of mutation]
   535 | D        | Reached skill level 8 in Stealth
   535 | D        | Reached skill level 5 in Spellcasting
   535 | D        | Reached skill level 5 in Hexes
   535 | D        | Reached XP level 5. HP: 19/26 MP: 12/14
   628 | D        | Noticed a shadow
   630 | D        | Killed a shadow
   630 | D        | Reached skill level 5 in Short Blades
   630 | D        | Reached skill level 9 in Stealth
   630 | D        | Reached skill level 1 in Conjurations
   630 | D        | Reached XP level 6. HP: 30/32 MP: 14/16
   674 | D        | Found a stormy altar of Qazlal.
   675 | D        | Found a sacrificial altar of Ru.
   675 | D        | Found a burning altar of Makhleb.
   675 | D        | Found a viscous altar of Jiyva.
   675 | D        | Found a shimmering altar of Xom.
   675 | D        | Found a shadowy altar of Dithmenos.
   675 | D        | Found a sparkling altar of Nemelex Xobeh.
   675 | D        | Found a corrupted altar of Lugonu.
   675 | D        | Found an opulent altar of Gozag.
   675 | D        | Noticed a spatial vortex
   679 | D        | Became a worshipper of Dithmenos the Shadowed
   703 | D        | Killed a spatial vortex
   703 | D        | Reached skill level 10 in Stealth
   703 | D        | Reached skill level 1 in Invocations
   919 | D        | Found a radiant altar of Vehumet.
   920 | D        | Found a deep blue altar of Sif Muna.
   920 | D        | Found an ancient bone altar of Kikubaaqudgha.
   926 | D        | Reached * piety under Dithmenos
   968 | D        | Found a glowing silver altar of Zin.
   969 | D        | Found a glowing golden altar of the Shining One.
   969 | D        | Found a white marble altar of Elyvilon.
   969 | D        | Noticed a deep elf priest
   971 | D        | Killed a deep elf priest
   971 | D        | Reached skill level 11 in Stealth
   971 | D        | Reached XP level 7. HP: 36/36 MP: 17/19
   976 | D        | Lost mutation: You sometimes yell uncontrollably at your foes. [potion of cure mutation]
   976 | D        | Lost mutation: You occasionally shout uncontrollably at your foes. [potion of cure mutation]
   976 | D        | Lost mutation: You have large cloven feet. [potion of cure mutation]
   987 | D        | Found an iron altar of Okawaru.
   988 | D        | Found a bloodstained altar of Trog.
   988 | D        | Noticed a human
   988 | D        | Noticed a human
   990 | D        | Killed a human
   991 | D        | Killed a human
   991 | D        | Reached ** piety under Dithmenos
   991 | D        | Reached skill level 10 in Dodging
  1005 | D        | Found a snail-covered altar of Cheibriados.
  1006 | D        | Found a basalt altar of Yredelemnul.
  1006 | D        | Found a blossoming altar of Fedhas.
  1007 | D        | Reached XP level 8. HP: 42/42 MP: 21/21
  1027 | D        | Noticed Josephine
  1034 | D        | Killed Josephine
  1034 | D        | Reached skill level 12 in Stealth
  1084 | D        | Noticed a centaur warrior
  1091 | D        | Killed a centaur warrior
  1091 | D        | Reached *** piety under Dithmenos
  1091 | D        | Reached skill level 13 in Stealth
  1091 | D        | Reached skill level 10 in Spellcasting
  1091 | D        | Reached XP level 9. HP: 44/46 MP: 13/24
  1174 | D        | Noticed an unseen horror
  1174 | D        | Noticed an unseen horror
  1175 | D        | Killed an unseen horror
  1187 | D        | Killed an unseen horror
  1187 | D        | Reached **** piety under Dithmenos
  1187 | D        | Reached skill level 5 in Fighting
  1187 | D        | Reached skill level 10 in Short Blades
  1187 | D        | Reached skill level 14 in Stealth
  1187 | D        | Reached skill level 5 in Ice Magic
  1236 | D        | Reached XP level 10. HP: 51/51 MP: 20/26
  1239 | D        | Reached ***** piety under Dithmenos
  1661 | D        | Reached ****** piety under Dithmenos
  1679 | D        | Reached skill level 15 in Stealth
  1734 | D        | Reached skill level 5 in Armour
  2082 | D        | Reached skill level 5 in Conjurations
  2132 | D        | Reached skill level 16 in Stealth
  2154 | D        | Noticed a lindwurm
  2157 | D        | Killed a lindwurm
  2157 | D        | Reached XP level 11. HP: 56/56 MP: 28/28
  2166 | D        | Noticed Maud
  2171 | D        | Killed Maud
  2171 | D        | Reached skill level 15 in Dodging
  2171 | D        | Reached skill level 10 in Hexes
  2207 | D        | Noticed a four-headed hydra
  2207 | D        | Noticed a six-headed hydra
  2211 | D        | Killed a four-headed hydra
  2212 | D        | Killed a six-headed hydra
  2212 | D        | Reached skill level 17 in Stealth
  2249 | D        | Noticed a death drake
  2251 | D        | Killed a death drake
  2272 | D        | Found a blossoming altar of Fedhas.
  2272 | D        | Noticed a spriggan druid
  2274 | D        | Killed a spriggan druid
  2570 | D        | Reached skill level 18 in Stealth
  2707 | D        | Noticed a naga warrior
  2707 | D        | Noticed a greater naga
  2707 | D        | Found Tuproum's Magic Scroll Shop.
  2707 | D        | Found Foumauhivy's Antique Armour Shoppe.
  2707 | D        | Found Estuf's Jewellery Boutique.
  2712 | D        | Killed a greater naga
  2712 | D        | Reached XP level 12. HP: 63/63 MP: 23/31
  2719 | D        | Killed a naga warrior
  2741 | D        | Got a serpentine rune of Zot
  2947 | D        | Noticed Rupert
  2951 | D        | Noticed an azure jelly
  2951 | D        | Noticed an azure jelly
  2951 | D        | Noticed an azure jelly
  2951 | D        | Noticed an azure jelly
  2954 | D        | Killed Rupert
  2954 | D        | Reached skill level 19 in Stealth
  2954 | D        | Reached skill level 15 in Spellcasting
  3027 | D        | Noticed a fire dragon
  3027 | D        | Noticed a fire dragon
  3034 | D        | Noticed a fire dragon
  3039 | D        | Killed a fire dragon
  3042 | D        | Noticed a fire dragon
  3043 | D        | Killed a fire dragon
  3050 | D        | Killed a fire dragon
  3055 | D        | Killed a fire dragon
  3055 | D        | Reached skill level 20 in Stealth
  3228 | D        | Found Bettaseapi's Distillery.
  3228 | D        | Found Nuac's Jewellery Shoppe.
  3229 | D        | Found Ruda's Antique Weapon Emporium.
  3448 | D        | Noticed a dire elephant
  3448 | D        | Noticed a dire elephant
  3448 | D        | Noticed Gastronok
  3461 | D        | Killed Gastronok
  3461 | D        | Reached XP level 13. HP: 66/68 MP: 12/34
  3636 | D        | Reached skill level 15 in Short Blades
  3659 | D        | Killed a dire elephant
  3890 | D        | Killed a dire elephant
  4154 | D        | Found Ichochi's Book Shop.
  4265 | D        | Bought a book of Clouds for 540 gold pieces
  4265 | D        | Bought a book of Geomancy for 420 gold pieces
  4268 | D        | Learned a level 2 spell: Stoneskin
  4272 | D        | Learned a level 3 spell: Stone Arrow
  4276 | D        | Learned a level 3 spell: Passwall
  4281 | D        | Learned a level 4 spell: Petrify
  4287 | D        | Learned a level 5 spell: Lee's Rapid Deconstruction
  4291 | D        | Learned a level 3 spell: Mephitic Cloud
  4298 | D        | Learned a level 6 spell: Freezing Cloud
  4305 | D        | Learned a level 6 spell: Poisonous Cloud
  4346 | D        | Reached skill level 1 in Transmutations
  4349 | D        | Reached skill level 1 in Air Magic
  4349 | D        | Reached skill level 1 in Poison Magic
  4361 | D        | Noticed a deep elf demonologist
  4361 | D        | Noticed a deep elf demonologist
  4498 | D        | Noticed a balrug
  4498 | D        | Noticed a deep elf annihilator
  4709 | D        | Killed a deep elf demonologist
  4709 | D        | Reached skill level 1 in Earth Magic
  4710 | D        | HP: 3/69 [deep elf annihilator/poison arrow (41)]
  4710 | D        | Killed from afar by a deep elf high priest

Vault maps used:
D:        dungeon_sprint_mu

Action                   |  1- 3 |  4- 6 |  7- 9 | 10-12 | 13-15 || total
-------------------------+-------+-------+-------+-------+-------++-------
Melee: Short sword       |    23 |    21 |    25 |   130 |    50 ||   249
       Dagger            |     2 |       |       |       |       ||     2
 Cast: Corona            |     4 |       |       |       |       ||     4
       Ensorcelled Hiber |     1 |     1 |     5 |    59 |    10 ||    76
       Dazzling Spray    |       |     8 |     7 |    21 |    34 ||    70
       Confuse           |       |       |       |     4 |       ||     4
       Stone Arrow       |       |       |       |       |     9 ||     9
       Mephitic Cloud    |       |       |       |       |     3 ||     3
       Stoneskin         |       |       |       |       |     2 ||     2
Invok: Shadow Step       |       |       |       |    18 |       ||    18
Evoke: Wand              |       |     1 |       |       |       ||     1
  Use: Potion            |       |     4 |     1 |       |       ||     5
 Stab: Sleeping          |     3 |     4 |    11 |    79 |     3 ||   100
       Invisible         |       |     2 |     5 |    12 |     8 ||    27
       Confused          |       |       |       |     3 |     2 ||     5
  Eat: Bread ration      |       |       |       |     1 |       ||     1
